 Dungeon Crawl Stone Soup version 0.29.0-15-g675c0067aa (webtiles) character file.

Game seed: 3848664587796806337

24852 qw the Severer (level 12, -2/172 HPs)
             Began as a Minotaur Berserker on Sept 11, 2022.
             Was a Priest of Trog.
             Killed from afar by an oklob plant (10 damage)
             ... with a splash of acid
             ... on level 4 of the Lair of Beasts.
             The game lasted 00:04:30 (15024 turns).

qw the Severer (Minotaur Berserker)                Turns: 15024, Time: 00:04:31

Health: -2/172     AC: 12    Str: 25    XL:     12   Next: 84%
Magic:  11/11      EV: 13    Int:  4    God:    Trog [***...]
Gold:   614        SH:  6    Dex: 12    Spells: 11/11 levels left

rFire   + . .      SeeInvis .   Y - +3 war axe (protect)
rCold   + . .      Faith    .   k - +0 buckler
rNeg    . . .      Spirit   .   q - +0 plate armour
rPois   .          Reflect  .   (helmet restricted)
rElec   .          Harm     .   (no cloak)
rCorr   .          Rampage  +   l - +1 pair of gloves
Will    +....                   (no boots)
Stlth   ..........              g - amulet "Ejael" {Acrobat Rampage rF+ Will+}
HPRegen 0.38/turn               h - +4 ring of evasion
MPRegen 0.12/turn               d - ring of protection from cold

@: berserking (expiring), corroded, under a protective aura, very quick
A: horns 2, retaliatory headbutt
a: Renounce Religion, Berserk, Trog's Hand


You were on level 4 of the Lair of Beasts.
You worshipped Trog.
Trog was most pleased with you.
You visited 2 branches of the dungeon, and saw 13 of its levels.

You collected 1027 gold pieces.
You spent 413 gold pieces at shops.


Innate Abilities, Weirdness & Mutations

You have a pair of horns on your head.
You reflexively headbutt those who attack you in melee.


   Skills:
 - Level 13.6 Fighting
 - Level 16.1 Axes
 + Level 4.1 Throwing
 - Level 11.0 Armour
 - Level 6.0 Dodging
 - Level 9.0 Shields


You had 11 spell levels left.
You didn't know any spells.
Your spell library was empty.

Inventory:

Hand Weapons
 j - a +0 morningstar
 Y - a +3 war axe of protection (weapon)
Missiles
 n - 2 boomerangs (quivered)
 u - 5 javelins
Armour
 k - a +0 buckler (worn)
 l - a +1 pair of gloves (worn)
 q - a +0 plate armour (worn)
Jewellery
 d - a ring of protection from cold (right hand)
 e - a ring of positive energy
 g - the amulet "Ejael" (around neck) {Acrobat Rampage rF+ Will+}
   (You found it on level 2 of the Dungeon)

   [amulet of the acrobat]

   It increases your evasion while moving and waiting.
   rF:        It protects you from fire.
   Rampage:   It bestows one free step when moving towards enemies.
   Will:      It increases your willpower.
 h - a +4 ring of evasion (left hand)
 s - a ring of resist corrosion
 t - an amulet of reflection
Scrolls
 a - 4 scrolls of identify
 p - 2 scrolls of teleportation
Potions
 b - a potion of brilliance {unknown}
 c - 2 potions of mutation
 f - a potion of might
 i - 7 potions of curing
 m - 2 potions of haste
 o - 2 potions of resistance
 r - a potion of heal wounds

Dungeon Overview and Level Annotations

Branches:
Dungeon (9/15)             Temple (0/1) D:6            Lair (4/5) D:9
  Swamp (0/4) Lair:3        Snake (0/4) Lair:3        Slime (0/5) Lair:4
    Orc: D:9-12

Altars:
Ashenzari
Elyvilon
Fedhas
Makhleb
Sif Muna
Trog
Vehumet
Zin
The Shining One
Jiyva

Shops:
D:3 *   D:4 *=:   D:6 ?

Annotations:
D:7 2 runed translucent doors, qw's ghost, novice MiBe


Message History

The splash of acid hits you! The oklob plant spits acid at you.
The splash of acid hits you!! The oklob plant spits acid at you.
The splash of acid hits you!
You hit the oklob plant.
You headbutt the oklob plant, but do no damage.
The oklob plant is heavily damaged.
You slash the oklob plant!
You hit the oklob plant but do no damage.
You slice the oklob plant!!
You headbutt the oklob plant, but do no damage.
The oklob plant is almost destroyed.
You hit the oklob plant but do no damage.
You hit the oklob plant.
You hit the oklob plant but do no damage.
The oklob plant is almost destroyed.
You hit the oklob plant.
You hit the oklob plant but do no damage.
You hit the oklob plant but do no damage.
You headbutt the oklob plant, but do no damage.
The oklob plant is almost destroyed.
You hit the oklob plant.
You hit the oklob plant but do no damage.
You slice the oklob plant!!
You destroy the oklob plant!
Trog accepts your kill.
You hit the oklob plant but do no damage.
You hit the oklob plant.
Your Throwing skill increases to level 4!
You hit the oklob plant but do no damage.
The oklob plant is heavily damaged.
You slash the oklob plant! You slash the oklob plant!
You headbutt the oklob plant!
You destroy the oklob plant!
Trog accepts your kill.
You hit the oklob plant but do no damage.
The oklob plant spits acid at you. The splash of acid hits you!
You die...

.......# ####.. ........
...... ###..... ........
#.....### #.#.....
........ #.......# ####
##...... ........
........###.P### ##.....
<.......
...............# ##.>..
........
...$...........## #....
........
......._.......P# #....
........
.......@........## ##...
........
......P..........# ##...
........
.................# #.#..
........
.^.#.............#####..
........
....##P.....(......# ##.
....... .?##
##............# #.
....... .
P.............# ##.
.......
#......(......###..
......P #
##............###...


You could see an oklob plant.

Vanquished Creatures
  4 hydras
  A two-headed ogre (D:9)
  7 death yaks
  Nergalle (Lair:2)
  5 oklob plants
  A black mamba (Lair:4)
  3 elephants (Lair:4)
  6 cane toads
  A rime drake (Lair:4)
  A komodo dragon (Lair:3)
  A tyrant leech (Lair:3)
  Prince Ribbit (D:6)
  12 blink frogs (Lair:3)
  A wyvern (D:9)
  17 yaks
  Eustachio (D:4)
  3 basilisks
  Edmund (D:6)
  A naga (Lair:3)
  9 water moccasins
  Duvessa (D:6)
  An ice beast (D:5)
  A sky beast (D:7)
  2 orc warriors
  2 ogres
  7 wolves
  2 centaurs
  A phantom (D:5)
  2 kobold brigands (D:9)
  Blork the orc (D:4)
  11 bullfrogs
  A gnoll sergeant (D:8)
  4 scorpions
  5 wights (D:7)
  Dowan (D:6)
  11 killer bees (D:9)
  2 howler monkeys (D:5)
  A jelly (D:6)
  A hound (D:5)
  3 orc priests
  5 iguanas
  A gnoll bouda (D:9)
  7 orc wizards
  6 hell rats (Lair:3)
  11 gnolls
  8 adders
  A river rat (D:5)
  2 white imps
  4 worms
  A dart slug (D:3)
  43 orcs
  A bat (D:3)
  6 endoplasms
  8 giant cockroaches
  5 hobgoblins
  3 jackals (D:5)
  4 quokkas
  6 ball pythons
  5 frilled lizards
  9 goblins
  8 kobolds
  8 rats
289 creatures vanquished.

Vanquished Creatures (collateral kills)
  A hydra (Lair:3)
  A basilisk (Lair:3)
2 creatures vanquished.

Vanquished Creatures (others)
  20 fungi
  23 plants
43 creatures vanquished.

Grand Total: 334 creatures vanquished

Notes
Turn   | Place    | Note
-------+----------+-------------------------------------------
     0 | D:1      | qw the Minotaur Berserker began the quest for the Orb.
     0 | D:1      | Reached XP level 1. HP: 19/19 MP: 0/0
     0 | D:1      | 0 ||| qw: Version: 0.1-a-119-g272c26d
     0 | D:1      | 0 ||| qw: Game counter: 10667
     0 | D:1      | 0 ||| qw: Always use a shield: true
     0 | D:1      | 0 ||| qw: Do Orc after D:15 true
     0 | D:1      | 0 ||| qw: Do second Lair branch before Depths: true
     0 | D:1      | 0 ||| qw: Lair rune preference: random
     0 | D:1      | 0 ||| qw: Plans: Normal
     0 | D:1      | 0 ||| PLANNING D:1-11
    77 | D:1      | 77 ||| Stepping ~*~*~tactically~*~*~ (stealth).
    78 | D:1      | 78 ||| Stepping ~*~*~tactically~*~*~ (stealth).
    81 | D:1      | 81 ||| Stepping ~*~*~tactically~*~*~ (stealth).
    88 | D:1      | 88 ||| INVOKING Berserk.
    95 | D:1      | Reached skill level 4 in Axes
   356 | D:1      | Reached XP level 2. HP: 19/26 MP: 1/1
   839 | D:1      | 839 ||| UPGRADING to +0 ring mail.
   849 | D:1      | 849 ||| DROPPING +0 animal skin.
   850 | D:1      | 850 ||| UPGRADING to +0 buckler.
   855 | D:1      | 855 ||| UPGRADING to +4 ring of evasion.
   856 | D:1      | 856 ||| READING scroll labelled KUMUIC WIPI.
   857 | D:1      | 857 ||| READING scroll labelled HOSARGHEMEC.
   999 | D:1      | 999 ||| READING scroll labelled GUWOAT DANEAS.
  1000 | D:1      | 1000 ||| READING scroll labelled INYGYSHRUHOAST.
  1001 | D:1      | 1001 ||| Stepping randomly (stuck).
  1002 | D:1      | 1002 ||| Stepping ~*~*~tactically~*~*~ (cloud).
  1337 | D:2      | 1337 ||| SWAPPING to +0 war axe.
  1345 | D:2      | 1345 ||| DROPPING +1 hand axe.
  1417 | D:2      | Reached skill level 1 in Shields
  1451 | D:2      | Identified the amulet "Ejael" {Acrobat Rampage rF+ Will+}
  1510 | D:2      | 1510 ||| Stepping ~*~*~tactically~*~*~ (stealth).
  1518 | D:2      | Reached skill level 5 in Axes
  1518 | D:2      | Reached XP level 3. HP: 31/31 MP: 2/2
  1523 | D:2      | 1523 ||| DROPPING +0 whip.
  1579 | D:2      | Reached ** piety under Trog
  1703 | D:2      | 1703 ||| Stepping ~*~*~tactically~*~*~ (stealth).
  1802 | D:2      | 1802 ||| INVOKING Berserk.
  2059 | D:2      | 2059 ||| UPGRADING to amulet "Ejael" {Acrobat Rampage rF+
                  | Will+}.
  2064 | D:2      | 2064 ||| UPGRADING to ring of positive energy.
  2065 | D:2      | 2065 ||| READING 2 scrolls labelled KOICRAUFUA.
  2066 | D:2      | 2066 ||| READING 2 scrolls labelled RUGEIH CIRINEX.
  2067 | D:2      | 2067 ||| DROPPING scroll of blinking.
  2130 | D:3      | 2130 ||| FLEEEEING.
  2136 | D:3      | 2136 ||| FLEEEEING.
  2137 | D:3      | 2137 ||| FLEEEEING.
  2138 | D:3      | 2138 ||| FLEEEEING.
  2139 | D:3      | 2139 ||| STAIRDANCE
  2300 | D:3      | Found Muvyajaa's Assorted Antiques.
  2306 | D:3      | 2306 ||| BUYING lumpy golden potion (23 gold).
  2306 | D:3      | Bought a lumpy golden potion for 23 gold pieces
  2306 | D:3      | 2306 ||| BUYING scroll labelled DUIHAI GOASK (26 gold).
  2306 | D:3      | Bought a scroll labelled DUIHAI GOASK for 26 gold pieces
  2306 | D:3      | 2306 ||| BUYING scroll labelled LYUSODD XOAXT (26 gold).
  2306 | D:3      | Bought a scroll labelled LYUSODD XOAXT for 26 gold pieces
  2306 | D:3      | 2306 ||| BUYING viscous coppery potion (23 gold).
  2306 | D:3      | Bought a viscous coppery potion for 23 gold pieces
  2306 | D:3      | 2306 ||| BUYING viscous ruby potion (23 gold).
  2306 | D:3      | Bought a viscous ruby potion for 23 gold pieces
  2500 | D:3      | Reached XP level 4. HP: 39/39 MP: 3/3
  2666 | D:3      | 2666 ||| Stepping ~*~*~tactically~*~*~ (hiding).
  2667 | D:3      | 2667 ||| Stepping ~*~*~tactically~*~*~ (hiding).
  2784 | D:3      | Found a faded altar of an unknown god.
  2785 | D:3      | 2785 ||| Stepping ~*~*~tactically~*~*~ (hiding).
  2792 | D:3      | 2792 ||| INVOKING Berserk.
  2796 | D:3      | Reached skill level 6 in Axes
  2923 | D:3      | Found a bloodstained altar of Trog.
  3353 | D:3      | 3353 ||| UPGRADING to +0 scale mail.
  3363 | D:3      | 3363 ||| DROPPING +0 ring mail.
  3364 | D:3      | 3364 ||| UPGRADING to ring of resist corrosion.
  3366 | D:3      | 3366 ||| READING scroll labelled DUIHAI GOASK.
  3370 | D:3      | 3370 ||| READING scroll labelled LYUSODD XOAXT.
  3371 | D:3      | 3371 ||| READING scroll labelled OGUNGICVEGE.
  3372 | D:3      | 3372 ||| READING scroll labelled UNUALA UFOCEJEO.
  3373 | D:3      | 3373 ||| DRINKING 3 viscous ruby potions.
  3374 | D:3      | 3374 ||| DRINKING 2 viscous coppery potions.
  3375 | D:3      | 3375 ||| READING 2 scrolls of identify.
  3375 | D:3      | 3375 ||| IDENTIFYING lumpy golden potion
  3376 | D:3      | 3376 ||| DROPPING potion of attraction.
  3403 | D:4      | 3403 ||| READING scroll of enchant weapon.
  3403 | D:4      | 3403 ||| ENCHANTING +0 war axe of protection.
  3427 | D:4      | 3427 ||| Stepping ~*~*~tactically~*~*~ (hiding).
  3429 | D:4      | 3429 ||| Stepping ~*~*~tactically~*~*~ (hiding).
  3435 | D:4      | 3435 ||| INVOKING Berserk.
  3438 | D:4      | Reached XP level 5. HP: 45/45 MP: 4/4
  3448 | D:4      | 3448 ||| Stepping ~*~*~tactically~*~*~ (stealth).
  3469 | D:4      | 3469 ||| FLEEEEING.
  3470 | D:4      | 3470 ||| FLEEEEING.
  3471 | D:4      | 3471 ||| FLEEEEING.
  3472 | D:4      | 3472 ||| FLEEEEING.
  3473 | D:4      | 3473 ||| FLEEEEING.
  3474 | D:4      | 3474 ||| FLEEEEING.
  3475 | D:4      | 3475 ||| FLEEEEING.
  3476 | D:4      | 3476 ||| FLEEEEING.
  3480 | D:4      | 3480 ||| FLEEEEING.
  3481 | D:4      | 3481 ||| FLEEEEING.
  3482 | D:4      | 3482 ||| STAIRDANCE
  3515 | D:4      | 3515 ||| STAIRDANCE
  3526 | D:4      | Noticed Blork the orc
  3530 | D:4      | 3530 ||| INVOKING Berserk.
  3531 | D:4      | 3531 ||| INVOKING Berserk.
  3538 | D:4      | Killed Blork the orc
  3539 | D:4      | Reached skill level 7 in Axes
  3701 | D:4      | 3701 ||| Stepping ~*~*~tactically~*~*~ (stealth).
  3712 | D:4      | Reached XP level 6. HP: 40/52 MP: 5/5
  3836 | D:4      | Found a white marble altar of Elyvilon.
  3847 | D:4      | 3847 ||| Stepping ~*~*~tactically~*~*~ (stealth).
  3850 | D:4      | 3850 ||| Stepping ~*~*~tactically~*~*~ (hiding).
  3853 | D:4      | Noticed Eustachio
  3854 | D:4      | 3854 ||| INVOKING Berserk.
  3864 | D:4      | Killed Eustachio
  3865 | D:4      | Reached skill level 8 in Axes
  3969 | D:4      | 3969 ||| READING scroll of enchant weapon.
  3969 | D:4      | 3969 ||| ENCHANTING +1 war axe of protection.
  4052 | D:4      | Found Unnial's Book Shop.
  4118 | D:4      | 4118 ||| INVOKING Berserk.
  4122 | D:4      | Reached skill level 9 in Axes
  4122 | D:4      | Reached XP level 7. HP: 59/59 MP: 6/6
  4232 | D:4      | Found Usiahee's General Store.
  4246 | D:4      | Reached skill level 1 in Throwing
  4445 | D:4      | Found Ducul's Jewellery Emporium.
  4447 | D:4      | 4447 ||| Stepping ~*~*~tactically~*~*~ (stealth).
  4460 | D:4      | 4460 ||| SHOPLISTING +6 ring of strength (360 gold, have
                  | 149).
  4460 | D:4      | 4460 ||| SHOPLISTING amulet of Bouss {Spirit Will+ Str+3}
                  | (489 gold, have 149).
  4460 | D:4      | 4460 ||| SHOPLISTING ring of Elitism {Will+ rCorr MP+9
                  | Int+4} (466 gold, have 149).
  4460 | D:4      | 4460 ||| SHOPLISTING ring of poison resistance (200 gold,
                  | have 149).
  4465 | D:4      | 4465 ||| UPGRADING to ring of protection from cold.
  4467 | D:4      | 4467 ||| DROPPING ring of magical power.
  4468 | D:4      | 4468 ||| READING scroll labelled WOGANY IMEM.
  4510 | D:5      | Entered Level 5 of the Dungeon
  4511 | D:5      | 4511 ||| PLANNING SEWER
  4584 | D:5      | Reached skill level 3 in Shields
  4743 | D:5      | 4743 ||| Stepping ~*~*~tactically~*~*~ (hiding).
  4744 | D:5      | 4744 ||| Stepping ~*~*~tactically~*~*~ (hiding).
  4877 | D:5      | 4877 ||| Stepping ~*~*~tactically~*~*~ (stealth).
  4934 | D:5      | 4934 ||| Stepping ~*~*~tactically~*~*~ (stealth).
  4935 | D:5      | 4935 ||| INVOKING Berserk.
  4937 | D:5      | Reached skill level 10 in Axes
  4970 | D:5      | 4970 ||| Stepping ~*~*~tactically~*~*~ (stealth).
  5035 | D:5      | Reached XP level 8. HP: 69/69 MP: 7/7
  5060 | D:5      | Reached skill level 6 in Fighting
  5062 | D:5      | 5062 ||| Stepping ~*~*~tactically~*~*~ (stealth).
  5063 | D:5      | 5063 ||| Stepping ~*~*~tactically~*~*~ (stealth).
  5081 | D:5      | 5081 ||| RIP SEWER
  5083 | D:5      | 5083 ||| PLANNING D:1-11
  5237 | D:5      | Reached *** piety under Trog
  5321 | D:5      | 5321 ||| UPGRADING to +2 leather armour of poison
                  | resistance.
  5331 | D:5      | 5331 ||| DRINKING 3 grey potions.
  5332 | D:5      | 5332 ||| DRINKING 2 glowing orange potions.
  5436 | D:5      | 5436 ||| READING 2 scrolls of identify.
  5436 | D:5      | 5436 ||| IDENTIFYING clear potion
  5437 | D:5      | 5437 ||| DROPPING 2 potions of invisibility.
  5438 | D:5      | 5438 ||| DROPPING potion of berserk rage.
  5603 | D:4      | 5603 ||| BUYING +0 chain mail (58 gold).
  5603 | D:4      | Bought a +0 chain mail for 58 gold pieces
  5603 | D:4      | 5603 ||| BUYING potion of haste (130 gold).
  5603 | D:4      | Bought a potion of haste for 130 gold pieces
  5603 | D:4      | 5603 ||| SHOPLISTING potion of heal wounds (65 gold, have
                  | 34).
  5603 | D:4      | 5603 ||| BUYING scroll of identify (26 gold).
  5603 | D:4      | Bought a scroll of identify for 26 gold pieces
  5603 | D:4      | 5603 ||| UPGRADING to +0 chain mail.
  5613 | D:4      | 5613 ||| DROPPING +0 scale mail.
  5614 | D:4      | 5614 ||| DROPPING +2 leather armour of poison resistance.
  5615 | D:4      | 5615 ||| READING 2 scrolls of identify.
  5615 | D:4      | 5615 ||| IDENTIFYING fuming brown potion
  5616 | D:4      | 5616 ||| DROPPING potion of flight.
  5692 | D:6      | Found a burning altar of Makhleb.
  5728 | D:6      | 5728 ||| INVOKING Berserk.
  5733 | D:6      | Reached skill level 3 in Armour
  5973 | D:6      | Found a staircase to the Ecumenical Temple.
  5994 | D:6      | Noticed Prince Ribbit
  5998 | D:6      | 5998 ||| INVOKING Berserk.
  6003 | D:6      | Killed Prince Ribbit
  6004 | D:6      | Reached skill level 11 in Axes
  6142 | D:6      | Noticed Edmund
  6146 | D:6      | 6146 ||| INVOKING Berserk.
  6149 | D:6      | Noticed Duvessa
  6156 | D:6      | Killed Edmund
  6160 | D:6      | Killed Duvessa
  6166 | D:6      | Noticed Dowan
  6170 | D:6      | Killed Dowan
  6250 | D:6      | Found a shimmering blue altar of Sif Muna.
  6256 | D:6      | Found a radiant altar of Vehumet.
  6280 | D:6      | 6280 ||| Stepping ~*~*~tactically~*~*~ (hiding).
  6286 | D:6      | Reached skill level 12 in Axes
  6441 | D:6      | Found Soucosasch's Magic Scroll Emporium.
  6449 | D:6      | 6449 ||| SHOPLISTING scroll of brand weapon (123 gold, have
                  | 100).
  6449 | D:6      | 6449 ||| BUYING scroll of identify (26 gold).
  6449 | D:6      | Bought a scroll of identify for 26 gold pieces
  6449 | D:6      | 6449 ||| BUYING scroll of identify (26 gold).
  6449 | D:6      | Bought a scroll of identify for 26 gold pieces
  6449 | D:6      | 6449 ||| BUYING scroll of identify (26 gold).
  6449 | D:6      | Bought a scroll of identify for 26 gold pieces
  6463 | D:6      | Reached XP level 9. HP: 75/75 MP: 8/8
  6509 | D:6      | 6509 ||| DROPPING ring of ice.
  6510 | D:6      | 6510 ||| READING 4 scrolls of identify.
  6510 | D:6      | 6510 ||| IDENTIFYING pink potion
  6511 | D:6      | 6511 ||| READING 3 scrolls of identify.
  6511 | D:6      | 6511 ||| IDENTIFYING orange potion
  6512 | D:6      | 6512 ||| READING 2 scrolls of identify.
  6512 | D:6      | 6512 ||| IDENTIFYING lumpy coppery potion
  6513 | D:6      | 6513 ||| DROPPING potion of lignification.
  6522 | D:7      | Found a glowing silver altar of Zin.
  6569 | D:7      | Found a broken altar of Ashenzari.
  6663 | D:7      | 6663 ||| Stepping ~*~*~tactically~*~*~ (hiding).
  6664 | D:7      | 6664 ||| Stepping ~*~*~tactically~*~*~ (hiding).
  6767 | D:7      | 6767 ||| Stepping ~*~*~tactically~*~*~ (stealth).
  6779 | D:7      | 6779 ||| Stepping ~*~*~tactically~*~*~ (stealth).
  6804 | D:7      | 6804 ||| READING scroll of enchant weapon.
  6804 | D:7      | 6804 ||| ENCHANTING +2 war axe of protection.
  7116 | D:7      | Found a large runed translucent door.
  7116 | D:7      | Found a large runed translucent door.
  7117 | D:7      | Noticed qw's ghost (novice MiBe)
  7192 | D:7      | 7192 ||| UPGRADING to +0 pair of gloves.
  7197 | D:7      | 7197 ||| READING 2 scrolls of identify.
  7197 | D:7      | 7197 ||| IDENTIFYING yellow potion
  7215 | D:8      | 7215 ||| Stepping ~*~*~tactically~*~*~ (stealth).
  7217 | D:8      | 7217 ||| Stepping ~*~*~tactically~*~*~ (stealth).
  7219 | D:8      | 7219 ||| Stepping ~*~*~tactically~*~*~ (stealth).
  7220 | D:8      | 7220 ||| Stepping ~*~*~tactically~*~*~ (stealth).
  7223 | D:8      | 7223 ||| Stepping ~*~*~tactically~*~*~ (stealth).
  7224 | D:8      | 7224 ||| Stepping ~*~*~tactically~*~*~ (stealth).
  7225 | D:8      | 7225 ||| Stepping ~*~*~tactically~*~*~ (stealth).
  7270 | D:8      | 7270 ||| INVOKING Berserk.
  7274 | D:8      | Reached skill level 13 in Axes
  7429 | D:8      | 7429 ||| Stepping ~*~*~tactically~*~*~ (stealth).
  7430 | D:8      | 7430 ||| Stepping ~*~*~tactically~*~*~ (stealth).
  7432 | D:8      | 7432 ||| Stepping ~*~*~tactically~*~*~ (stealth).
  7492 | D:8      | Reached **** piety under Trog
  7714 | D:8      | 7714 ||| Stepping ~*~*~tactically~*~*~ (hiding).
  8268 | D:8      | Found a glowing golden altar of the Shining One.
  8322 | D:8      | 8322 ||| UPGRADING to +0 plate armour.
  8332 | D:8      | 8332 ||| DROPPING +0 chain mail.
  8333 | D:8      | 8333 ||| DROPPING amulet of guardian spirit.
  8334 | D:8      | 8334 ||| READING 2 scrolls of identify.
  8334 | D:8      | 8334 ||| IDENTIFYING metallic clear potion
  8335 | D:8      | 8335 ||| DROPPING potion of magic.
  8367 | D:9      | 8367 ||| INVOKING Berserk.
  8511 | D:9      | 8511 ||| Stepping ~*~*~tactically~*~*~ (stealth).
  8515 | D:9      | Reached skill level 6 in Armour
  8537 | D:9      | 8537 ||| Stepping ~*~*~tactically~*~*~ (stealth).
  8557 | D:9      | 8557 ||| Stepping ~*~*~tactically~*~*~ (hiding).
  8558 | D:9      | 8558 ||| Stepping ~*~*~tactically~*~*~ (hiding).
  8563 | D:9      | 8563 ||| INVOKING Berserk.
  8597 | D:9      | Reached XP level 10. HP: 28/88 MP: 9/9
  8600 | D:9      | HP: 19/88 [yak (5)]
  8601 | D:9      | 8601 ||| READING scroll of teleportation.
  8602 | D:9      | 8602 ||| DRINKING potion of heal wounds.
  8606 | D:9      | 8606 ||| INVOKING Berserk.
  8766 | D:9      | 8766 ||| Stepping ~*~*~tactically~*~*~ (stealth).
  8773 | D:9      | 8773 ||| Stepping ~*~*~tactically~*~*~ (stealth).
  8774 | D:9      | 8774 ||| Stepping ~*~*~tactically~*~*~ (stealth).
  8850 | D:9      | 8850 ||| Stepping ~*~*~tactically~*~*~ (stealth).
  8855 | D:9      | 8855 ||| Stepping ~*~*~tactically~*~*~ (stealth).
  8859 | D:9      | Reached skill level 14 in Axes
  8878 | D:9      | Found a staircase to the Lair.
  8879 | D:9      | 8879 ||| INVOKING Berserk.
  9071 | D:9      | Noticed a two-headed ogre
  9076 | D:9      | 9076 ||| INVOKING Berserk.
  9081 | D:9      | Killed a two-headed ogre
  9240 | D:9      | Reached skill level 3 in Throwing
  9340 | D:9      | 9340 ||| READING scroll of enchant armour.
  9340 | D:9      | 9340 ||| ENCHANTING +0 pair of gloves.
  9480 | D:9      | 9480 ||| Stepping ~*~*~tactically~*~*~ (stealth).
  9481 | D:9      | 9481 ||| Stepping ~*~*~tactically~*~*~ (stealth).
  9495 | D:9      | Reached skill level 3 in Dodging
  9623 | D:9      | 9623 ||| PLANNING LAIR
  9623 | D:9      | 9623 ||| DROPPING potion of ambrosia.
  9662 | Lair:1   | Entered Level 1 of the Lair of Beasts
 10174 | Lair:1   | You fall into a shaft and drop 1 floor!
 10179 | Lair:2   | Noticed a seven-headed hydra
 10180 | Lair:2   | 10180 ||| INVOKING Brothers in Arms.
 10181 | Lair:2   | 10181 ||| INVOKING Brothers in Arms.
 10182 | Lair:2   | 10182 ||| INVOKING Brothers in Arms.
 10183 | Lair:2   | 10183 ||| SWAPPING to +0 morningstar.
 10185 | Lair:2   | 10185 ||| INVOKING Berserk.
 10189 | Lair:2   | Killed a seven-headed hydra
 10190 | Lair:2   | Reached skill level 15 in Axes
 10206 | Lair:2   | 10206 ||| SWAPPING to +3 war axe of protection.
 10336 | Lair:2   | 10336 ||| Stepping ~*~*~tactically~*~*~ (stealth).
 10362 | Lair:2   | Noticed Nergalle
 10367 | Lair:2   | 10367 ||| Stepping ~*~*~tactically~*~*~ (hiding).
 10368 | Lair:2   | 10368 ||| INVOKING Berserk.
 10379 | Lair:2   | Killed Nergalle
 10380 | Lair:2   | Reached skill level 9 in Fighting
 10380 | Lair:2   | Reached XP level 11. HP: 97/97 MP: 10/10
 10514 | Lair:1   | 10514 ||| INVOKING Berserk.
 10907 | Lair:2   | 10907 ||| INVOKING Berserk.
 11331 | Lair:2   | Found a blossoming altar of Fedhas.
 11333 | Lair:2   | Noticed an oklob plant
 11334 | Lair:2   | Noticed an oklob plant
 11335 | Lair:2   | 11335 ||| INVOKING Berserk.
 11344 | Lair:2   | Killed an oklob plant
 11345 | Lair:2   | Reached skill level 16 in Axes
 11349 | Lair:2   | Killed an oklob plant
 11707 | Lair:2   | Reached skill level 6 in Shields
 12120 | Lair:2   | 12120 ||| READING scroll labelled ESUOVV FEHUM.
 12193 | Lair:3   | 12193 ||| INVOKING Berserk.
 12432 | Lair:3   | 12432 ||| INVOKING Berserk.
 12452 | Lair:3   | Reached skill level 9 in Armour
 12611 | Lair:3   | 12611 ||| Stepping ~*~*~tactically~*~*~ (stealth).
 12614 | Lair:3   | 12614 ||| INVOKING Berserk.
 12638 | Lair:3   | 12638 ||| Stepping ~*~*~tactically~*~*~ (stealth).
 12774 | Lair:3   | 12774 ||| INVOKING Berserk.
 12906 | Lair:3   | 12906 ||| INVOKING Berserk.
 13156 | Lair:3   | 13156 ||| Stepping ~*~*~tactically~*~*~ (stealth).
 13204 | Lair:3   | Found a staircase to the Snake Pit.
 13230 | Lair:3   | Noticed a death yak
 13230 | Lair:3   | Noticed a death yak
 13231 | Lair:3   | Noticed a death yak
 13231 | Lair:3   | Noticed a death yak
 13232 | Lair:3   | Noticed a death yak
 13233 | Lair:3   | Noticed a death yak
 13234 | Lair:3   | 13234 ||| INVOKING Berserk.
 13242 | Lair:3   | Killed a death yak
 13245 | Lair:3   | Killed a death yak
 13249 | Lair:3   | Killed a death yak
 13250 | Lair:3   | Reached XP level 12. HP: 109/110 MP: 11/11
 13250 | Lair:3   | Killed a death yak
 13251 | Lair:3   | Killed a death yak
 13252 | Lair:3   | Reached skill level 12 in Fighting
 13252 | Lair:3   | Killed a death yak
 13484 | Lair:3   | 13484 ||| Stepping ~*~*~tactically~*~*~ (stealth).
 13486 | Lair:3   | 13486 ||| Stepping ~*~*~tactically~*~*~ (hiding).
 13490 | Lair:3   | Noticed a five-headed hydra
 13491 | Lair:3   | 13491 ||| INVOKING Brothers in Arms.
 13492 | Lair:3   | 13492 ||| INVOKING Brothers in Arms.
 13493 | Lair:3   | 13493 ||| INVOKING Brothers in Arms.
 13494 | Lair:3   | 13494 ||| INVOKING Brothers in Arms.
 13495 | Lair:3   | 13495 ||| INVOKING Brothers in Arms.
 13496 | Lair:3   | 13496 ||| INVOKING Brothers in Arms.
 13497 | Lair:3   | 13497 ||| INVOKING Brothers in Arms.
 13498 | Lair:3   | 13498 ||| INVOKING Brothers in Arms.
 13499 | Lair:3   | 13499 ||| INVOKING Brothers in Arms.
 13500 | Lair:3   | 13500 ||| DRINKING potion of cancellation.
 13501 | Lair:3   | 13501 ||| INVOKING Brothers in Arms.
 13502 | Lair:3   | 13502 ||| INVOKING Brothers in Arms.
 13503 | Lair:3   | 13503 ||| INVOKING Brothers in Arms.
 13504 | Lair:3   | 13504 ||| SWAPPING to +0 morningstar.
 13504 | Lair:3   | HP: 21/112 [five-headed hydra (8)]
 13505 | Lair:3   | 13505 ||| READING 3 scrolls of teleportation.
 13505 | Lair:3   | Killed a five-headed hydra
 13506 | Lair:3   | 13506 ||| DRINKING potion of heal wounds.
 13507 | Lair:3   | 13507 ||| SWAPPING to +3 war axe of protection.
 13538 | Lair:3   | Noticed a six-headed hydra
 13539 | Lair:3   | 13539 ||| Stepping ~*~*~tactically~*~*~ (stealth).
 13542 | Lair:3   | 13542 ||| SWAPPING to +0 morningstar.
 13543 | Lair:3   | 13543 ||| INVOKING Berserk.
 13546 | Lair:3   | Killed a six-headed hydra
 13728 | Lair:3   | 13728 ||| SWAPPING to +3 war axe of protection.
 13785 | Lair:3   | 13785 ||| Stepping ~*~*~tactically~*~*~ (stealth).
 13817 | Lair:3   | 13817 ||| Stepping ~*~*~tactically~*~*~ (stealth).
 13951 | Lair:3   | Found a staircase to the Swamp.
 14036 | Lair:3   | Noticed an eight-headed hydra
 14040 | Lair:3   | 14040 ||| SWAPPING to +0 morningstar.
 14041 | Lair:3   | 14041 ||| INVOKING Berserk.
 14046 | Lair:3   | Killed an eight-headed hydra
 14177 | Lair:3   | 14177 ||| SWAPPING to +3 war axe of protection.
 14265 | Lair:3   | 14265 ||| READING scroll labelled YSUSITAPLE.
 14266 | Lair:3   | 14266 ||| READING scroll labelled XEADWI KOEMMAGO.
 14456 | Lair:4   | 14456 ||| Stepping ~*~*~tactically~*~*~ (stealth).
 14461 | Lair:4   | 14461 ||| Stepping ~*~*~tactically~*~*~ (stealth).
 14468 | Lair:4   | 14468 ||| Stepping ~*~*~tactically~*~*~ (stealth).
 14539 | Lair:4   | 14539 ||| Stepping ~*~*~tactically~*~*~ (stealth).
 14568 | Lair:4   | 14568 ||| Stepping ~*~*~tactically~*~*~ (stealth).
 14639 | Lair:4   | Noticed a death yak
 14639 | Lair:4   | Noticed a seven-headed hydra
 14640 | Lair:4   | 14640 ||| Stepping ~*~*~tactically~*~*~ (stealth).
 14650 | Lair:4   | 14650 ||| INVOKING Brothers in Arms.
 14651 | Lair:4   | 14651 ||| SWAPPING to +0 morningstar.
 14652 | Lair:4   | 14652 ||| INVOKING Berserk.
 14658 | Lair:4   | Killed a seven-headed hydra
 14659 | Lair:4   | Reached skill level 9 in Shields
 14665 | Lair:4   | Reached skill level 6 in Dodging
 14666 | Lair:4   | 14666 ||| SWAPPING to +3 war axe of protection.
 14673 | Lair:4   | Killed a death yak
 15006 | Lair:4   | Found a staircase to the Slime Pits.
 15006 | Lair:4   | Found a viscous altar of Jiyva.
 15010 | Lair:4   | 15010 ||| INVOKING Berserk.
 15017 | Lair:4   | HP: 41/172 [oklob plant/splash of acid (17)]
 15017 | Lair:4   | HP: 20/172 [oklob plant/splash of acid (21)]
 15017 | Lair:4   | HP: 7/172 [oklob plant/splash of acid (13)]
 15024 | Lair:4   | Killed from afar by an oklob plant

Levels and vault maps discovered:
D:1:      dpeg_arrival_round_b, layout_rooms, roderic_roman_lattice
D:2:      minmay_general_purpose_star, layout_basic
D:3:      layout_basic, mainiacjoe_overflow_cross_hatched,
          ebering_ecumenical_altar_sacrificial, serial_shops, shop
D:4:      layout_cave_pools, mainiacjoe_overflow_small_starburst, serial_shops,
          nicolae_take_the_stairs, nicolae_shop_advertising_works
          [nicolae_subvault_shop_adworks], shop, uniq_eustachio,
          uniq_blork_the_orc
D:5:      wander_river, layout_basic, gup_sewer_entry_bubbles
D:6:      layout_gridville, mainiacjoe_overflow_surrounded_room,
          mainiacjoe_overflow_large_starburst, minmay_temple_entry_mini_moons,
          serial_shops, nicolae_stop_n_shop_2, uniq_edmund, uniq_prince_ribbit1,
          uniq_duvessa
D:7:      layout_cave_pools, zin_academy, ashenzari_altar_1,
          ebering_ghost_disaster_area, serial_bayou_pond_e,
          minmay_misc_feat_ornament, minmay_diced_spiral
D:8:      layout_basic, lemuel_doored_altar
D:9:      layout_basic, grunt_lair_entry_orc_guard_hut, blue_anna_alchemist
Lair:1:   layout_cave_pods, chequers_serial_rivers_small_3
Lair:2:   layout_small_grid, hangedman_tree_tricks, grunt_megastairs_5,
          uniq_nergalle
Lair:3:   layout_gridlike, palyth_hydra_swamp_entry,
          guppyfry_snake_entry_garden, cheibrodos_lair_caveside_slide
Lair:4:   nzn_winding_woodlands_small [nzn_winding_woodlands_5x15_garden,
          nzn_winding_woodlands_center_lodge, nzn_winding_woodlands_5x15_eye],
          layout_cave_pods, minmay_slime_entry_oklob_open

Skill      XL: |  1  2  3  4  5  6  7  8  9 10 11 12 |
---------------+-------------------------------------+-----
Axes           | 4 5 6 7 9 10 12 13 15 16 | 16.1
Shields        | 1 2 3 4 5 7 9 |  9.0
Fighting       | 4 5 6 8 9 11 13 | 13.6
Throwing       | 1 2 3 4 |  4.1
Armour         | 3 6 8 10 11 | 11.0
Dodging        | 3 4 6 |  6.0

Action                   |  1- 3 |  4- 6 |  7- 9 | 10-12 || total
-------------------------+-------+-------+-------+-------++-------
Melee: Hand axe          |    43 |       |       |       ||    43
       Headbutt          |    11 |    11 |    42 |    84 ||   148
       War axe           |    42 |    72 |   242 |   316 ||   672
       Morningstar       |       |       |       |    26 ||    26
Throw: Boomerang         |       |       |    39 |    48 ||    87
       Javelin           |       |       |    32 |     5 ||    37
Invok: Berserk           |     2 |     5 |     7 |    18 ||    32
       Brothers in Arms  |       |       |       |     3 ||     3
  Use: Scroll            |     6 |     7 |     9 |     6 ||    28
       Potion            |       |     2 |     2 |     3 ||     7
Armor: Animal skin       |     4 |       |       |       ||     4
       Ring mail         |     8 |     2 |       |       ||    10
       Scale mail        |       |    11 |    20 |       ||    31
       Chain mail        |       |       |    34 |       ||    34
       Plate armour      |       |       |    33 |   128 ||   161
Dodge: Dodged            |    44 |    40 |   124 |   153 ||   361
Block: Buckler           |     2 |    10 |    51 |    75 ||   138

Table legend:
 A = Non-vault XP
 B = Vault XP
 C = Vault XP percentage of total XP
 D = Non-vault monster count
 E = Vault monster count
 F = Vault count percentage of total count
                 A         B        C        D         E       F
            +---------+---------+-------+---------+---------+-------
      Total |   24555 |   11484 |  31.9 |     243 |      48 |  16.5
            +---------+---------+-------+---------+---------+-------
        D:1 |      23 |       0 |   0.0 |      18 |       0 |   0.0
        D:2 |      41 |      21 |  33.9 |      15 |       6 |  28.6
        D:3 |      94 |       0 |   0.0 |      19 |       0 |   0.0
        D:4 |     439 |     302 |  40.8 |      22 |       2 |   8.3
        D:5 |     830 |      39 |   4.5 |      20 |       7 |  25.9
        D:6 |     410 |     649 |  61.3 |      14 |       4 |  22.2
        D:7 |     840 |     125 |  13.0 |       9 |       3 |  25.0
        D:8 |     517 |       0 |   0.0 |      30 |       0 |   0.0
        D:9 |    4394 |     500 |  10.2 |      38 |       5 |  11.6
     Lair:1 |     521 |       0 |   0.0 |       2 |       0 |   0.0
     Lair:2 |    2105 |    2364 |  52.9 |       8 |       7 |  46.7
     Lair:3 |   11154 |    2595 |  18.9 |      36 |       5 |  12.2
     Lair:4 |    3187 |    4889 |  60.5 |      12 |       9 |  42.9
            +---------+---------+-------+---------+---------+-------
